Map: Lerilak Crest

Players

Grumm

  • Race: Protoss Protoss
  • League: Gold

Capone - Winner!

  • Race: Terran Terran
  • League: Gold

VOD

Have the link to the VOD?

Description

Time

  • Played on: Jan. 31, 2016, 7:26 p.m.
  • Length: 14:53
Show
View Real Time Build Order
Export as new Build Order

Grumm Protoss 

Build Orders: 1 Gate Expand, Double Forge, Forge Fast Expand (FFE) 

Get SALT Encoding   

  12  0:02  Probe (Chrono Boost)  
  13  0:12  Probe (Chrono Boost)  
  14  0:23  Probe (Chrono Boost)  
  14  0:26  Pylon  
  15  0:44  Probe (Chrono Boost)  
  15  0:48  Gateway  
  16  0:51  Forge  
  16  0:56  Probe (Chrono Boost)  
  17  1:00  Assimilator  
  17  1:09  Probe (Chrono Boost)  
  18  1:35  Nexus  
  18  1:45  Cybernetics Core  
  18  1:55  Photon Cannon  
  18  2:04  Probe (Chrono Boost)  
  18  2:22  Pylon  
  18  2:27  Probe (Chrono Boost)  
  19  2:30  Assimilator  
  19  2:38  Probe (Chrono Boost)  
  19  2:42  Pylon  
  20  2:45  Photon Cannon  
  20  2:49  Probe (Chrono Boost)  
  20  2:50  Stalker  
  23  2:53  Warp Gate (Chrono Boost)  
  23  2:59  Probe (Chrono Boost)  
  24  3:14  Pylon  
  24  3:22  Gateway  
  24  3:23  Probe (Chrono Boost)  
  25  3:37  Probe (Chrono Boost)  
  25  3:39  Mothership Core (Chrono Boost)  
  28  3:48  Probe (Chrono Boost)  
  29  3:50  Stargate  
  29  3:56  Probe  
  29  3:58  Probe  
  29  4:01  Assimilator  
  31  4:03  Assimilator  
  31  4:28  Probe  
  31  4:30  Probe  
  33  4:31  Protoss Ground Weapons Level 1 (Chrono Boost)  
  33  4:38  Twilight Council, Probe  
  33  4:39  Pylon  
  33  4:40  Photon Cannon  
  33  4:42  Probe  
  35  4:49  Probe  
  36  4:54  Probe  
  36  4:59  Forge, Probe  
  37  5:04  Oracle  
  37  5:06  Probe  
  42  5:13  Probe  
  43  5:22  Pylon  
  43  5:29  Zealot  
  43  5:30  Stalker  
  43  5:32  Probe  
  43  5:34  Probe  
  49  5:42  Probe  
  50  5:52  Protoss Ground Armor Level 1 (Chrono Boost)  
  50  5:53  Probe  
  50  5:54  Probe  
  52  5:57  Pylon  
  52  6:04  Stalker x2  
  52  6:11  Robotics Facility  
  49  6:39  Probe, Zealot x2  
  52  6:44  Pylon, Probe  
  54  6:49  Phoenix, Probe  
  57  6:56  Probe  
  57  7:00  Probe  
  57  7:04  Observer  
  57  7:33  Void Ray  
  57  7:35  Immortal  
  65  7:39  Robotics Bay  
  65  7:41  Fleet Beacon  
  65  7:43  Pylon  
  65  7:47  Gateway x2  
  65  7:50  Probe  
  65  7:51  Pylon  
  66  8:00  Probe  
  66  8:02  Probe  
  68  8:06  Protoss Shields Level 1 (Chrono Boost)  
  68  8:12  Protoss Ground Armor Level 2 (Chrono Boost), Probe  
  68  8:14  Probe  
  70  8:23  Colossus (Chrono Boost), Probe  
  70  8:26  Probe  
  78  8:35  Probe  
  78  8:38  Probe, Tempest (Chrono Boost)  
  84  8:47  Probe  
  85  8:50  Probe  
  86  9:01  Nexus  
  86  9:04  Pylon  
  86  9:07  Pylon  
  86  9:16  Colossus  
  86  9:23  Tempest (Chrono Boost)  
  96  9:25  Extended Thermal Lance  
  96  9:33  Stalker x2  
  96  9:35  Sentry  
  102  9:44  Probe x2  
  104  9:48  Photon Cannon  
  104  9:53  Photon Cannon  
  104  9:55  Photon Cannon  
  104  10:02  Pylon  
  104  10:08  Observer, Tempest (Chrono Boost)  
  109  10:23  Probe x2  
  111  10:31  Assimilator, Probe  
  112  10:35  Assimilator, Probe x2  
  114  10:49  Stalker x4  
  120  11:17  Stalker x3  
  116  11:39  Zealot  
  80  11:47  Colossus (Chrono Boost)  
  80  11:50  Tempest (Chrono Boost)  
  80  11:51  Zealot  
  79  12:16  Pylon  
  79  12:20  Pylon  
  79  12:23  Cybernetics Core  
  79  12:25  Tempest (Chrono Boost)  
  79  12:26  Gateway, Charge  
  79  12:30  Gateway  
  79  12:36  Probe x2  
  85  12:41  Colossus (Chrono Boost)  
  85  12:42  Photon Cannon  
  91  12:49  Nexus  
  91  12:52  Pylon  
  91  12:55  Photon Cannon  
  91  12:56  Zealot x3, Photon Cannon  
  98  13:05  Probe x2  
  99  13:17  Probe  
  100  13:20  Stalker x2  
  100  13:21  Stalker  
  104  13:37  Probe  
  104  13:40  Colossus (Chrono Boost)  
  111  13:46  Stalker x3  
  117  14:02  Zealot x2  
  121  14:09  Zealot  
  123  14:10  Zealot x2  
  133  14:20  Probe x2  
  133  14:22  Gateway  
  75  14:44  Zealot x4  
  75  14:45  Zealot  
Show
View Real Time Build Order
Export as new Build Order

Capone Terran - Winner!

Build Orders:  

Get SALT Encoding   

  12  0:01  SCV  
  13  0:13  SCV  
  14  0:24  Supply Depot  
  14  0:25  SCV  
  15  0:36  Refinery  
  15  0:45  SCV  
  16  0:52  Barracks  
  16  0:58  SCV  
  17  1:10  SCV  
  18  1:22  SCV  
  19  1:31  Command Center  
  19  1:36  SCV  
  20  1:40  Reaper  
  21  1:51  Orbital Command  
  21  1:58  Supply Depot  
  21  2:10  Refinery  
  21  2:12  Reaper  
  22  2:21  SCV  
  23  2:27  Factory  
  23  2:43  SCV  
  23  2:44  Orbital Command  
  24  2:49  Barracks  
  24  2:55  SCV  
  25  3:02  Engineering Bay  
  25  3:12  SCV  
  27  3:19  Orbital Command  
  27  3:20  Starport, Factory Tech Lab  
  26  3:34  Barracks Reactor  
  26  3:38  Barracks x2  
  26  3:41  Barracks Tech Lab, Barracks  
  26  3:45  SCV  
  26  3:46  SCV  
  28  4:05  Factory Tech Lab  
  28  4:06  SCV  
  28  4:07  SCV  
  28  4:08  Missile Turret  
  28  4:09  Missile Turret  
  30  4:19  SCV x2  
  31  4:31  Banshee, SCV x2  
  32  4:32  Cloaking Field  
  35  4:43  Engineering Bay  
  35  4:44  Supply Depot  
  35  4:45  Terran Infantry Weapons Level 1  
  35  4:46  Supply Depot  
  35  4:57  Refinery  
  35  5:00  Refinery  
  35  5:01  Missile Turret, SCV  
  35  5:02  SCV  
  35  5:03  Missile Turret  
  37  5:07  Barracks Tech Lab  
  37  5:14  SCV x2  
  39  5:16  Barracks Tech Lab  
  39  5:20  Marine, Barracks Reactor  
  39  5:21  Marine x2  
  42  5:26  SCV x2  
  44  5:35  Banshee  
  47  5:38  SCV x2  
  47  5:39  Marauder x2, Marine x3  
  56  6:01  SCV x2  
  58  6:13  SCV x2  
  58  6:15  Marine x2  
  62  6:24  Supply Depot x2  
  62  6:26  Supply Depot  
  62  6:35  Marine  
  62  6:36  Marauder  
  62  6:37  Missile Turret  
  62  6:40  Barracks x2  
  62  6:45  Marine  
  62  6:46  Marauder x2, SCV x2  
  69  6:52  Supply Depot  
  69  6:53  Command Center, Supply Depot  
  69  6:54  Medivac, Supply Depot  
  69  6:58  SCV x2  
  73  7:10  SCV  
  74  7:19  Marine x3  
  74  7:20  Marine  
  74  7:21  Marauder x3  
  74  7:22  Stimpack  
  81  7:24  Combat Shields  
  81  7:37  Marine x3  
  81  7:38  Marine  
  85  7:45  Factory  
  85  7:46  SCV x2  
  85  7:47  Starport Reactor  
  87  7:55  Barracks Tech Lab  
  87  7:56  Supply Depot, Barracks Reactor  
  87  8:02  Marauder x3  
  87  8:04  Marine x3  
  96  8:11  Orbital Command  
  96  8:12  SCV x2  
  98  8:16  Supply Depot x2  
  98  8:18  Terran Infantry Armor Level 1  
  98  8:22  Armory  
  98  8:26  Marine x2  
  98  8:27  Marine x2  
  99  8:30  Medivac x2  
  106  8:34  Siege Tank  
  106  8:37  SCV x3  
  112  8:46  Marine x4  
  116  8:53  SCV x2  
  116  8:54  SCV  
  119  8:58  Supply Depot  
  119  9:00  Medivac x2, Marauder x3  
  119  9:01  Marauder  
  131  9:03  Marine x2  
  131  9:05  Marine, SCV  
  131  9:06  Marine x2, SCV x2  
  131  9:07  Marine  
  140  9:15  Terran Infantry Weapons Level 2  
  140  9:21  Marauder x3  
  140  9:22  Marauder  
  140  9:23  Concussive Shells  
  140  9:24  Marine  
  149  9:30  SCV  
  149  9:31  SCV x2  
  152  9:37  Refinery  
  152  9:39  Refinery  
  152  9:41  Missile Turret  
  152  9:42  Missile Turret  
  152  9:43  SCV x3  
  152  9:45  Missile Turret  
  155  9:47  Marauder  
  157  9:53  Supply Depot  
  157  9:56  Supply Depot  
  157  9:57  Liberator x2, Supply Depot, Terran Ship Weapons Level 1  
  157  10:10  Starport  
  157  10:12  Supply Depot  
  157  10:15  Marauder  
  157  10:17  Supply Depot  
  157  10:18  Supply Depot, SCV x2, Marauder x2  
  171  10:22  Supply Depot  
  171  10:27  Command Center  
  171  10:35  Siege Tank x2  
  177  10:40  Supply Depot  
  177  10:46  Marine x2  
  177  10:47  Marine x3  
  177  10:48  Marauder x3  
  188  10:52  Starport Reactor  
  188  10:58  Liberator x2  
  187  11:16  Command Center  
  153  11:41  Liberator x2  
  153  11:43  Marine x6  
  153  11:44  Marauder x2, Marine  
  153  11:45  Marauder  
  153  11:53  Liberator x2  
  146  12:00  Marine  
  146  12:01  Marine x5  
  152  12:02  Marauder  
  152  12:05  Marine x3  
  161  12:15  Refinery  
  161  12:18  Marine x2  
  161  12:19  Orbital Command, Marine x4  
  167  12:23  Liberator  
  167  12:29  Orbital Command  
  167  12:31  Refinery  
  167  12:33  SCV x3  
  167  12:36  Marine  
  167  12:37  Marine x6  
  171  12:38  Marine x2  
  182  12:54  Liberator  
  182  12:56  Marine  
  182  12:57  Marine x4  
  182  12:58  Marauder x3  
  193  13:06  Marine x2  
  198  13:14  Marine  
  196  13:22  Liberator  
  196  13:23  Liberator x2  
  196  13:50  Starport, SCV x3  
  196  13:51  SCV  
  200  14:21  Barracks x4  
  200  14:22  Barracks  
  200  14:23  Barracks  
  198  14:24  Barracks  
  198  14:26  Barracks  
Tags
 
Add a new tag
Caveats
  • Supply blocks, unpowered buildings, or Contaminate may cause inaccurate times.
  • Supply counts are checked every 10 seconds.